SAA
ATLANTIC CITY SONICS @ LANCASTER FARMERS
07/30/2030
 
TOP OF THE 1ST
Atlantic City Sonics batting - Pitching for Lancaster Farmers : RHP Javier Contreras
Pitching: RHP Javier Contreras
Batting: LHB Juan Ledezma 0-0: Foul Ball, location: 2F
0-1: Called Strike
0-2: Strikes out swinging
Batting: RHB José Rodríguez 0-0: Ball
1-0: Called Strike
1-1: Ball
2-1: Foul Ball, location: 2F
2-2: Foul Ball, location: 2F
2-2: Ball
3-2: Foul Ball, location: 2F
3-2: Fly out, F6 (Popup, 4MD)
Batting: RHB Eddie Sachs 0-0: Reached on error, E6 (Groundball, 6)
Batting: LHB Kelvin Abbott 0-0: Swinging Strike
0-1: Ball
1-1: Swinging Strike
1-2: Ball
2-2: Foul Ball, location: 2F
2-2: Foul Ball, location: 2F
2-2: Ball
3-2: Strikes out swinging
Top of the 1st over - 0 runs, 0 hits, 1 error, 1 left on base; Atlantic City 0 - Lancaster 0
BOTTOM OF THE 1ST
Lancaster Farmers batting - Pitching for Atlantic City Sonics : RHP Norberto Concepción
Pitching: RHP Norberto Concepción
Batting: RHB Juan Pedraza 0-0: Fly out, F7 (Flyball, 7S)
Batting: LHB Manuel Núñez 0-0: Swinging Strike
0-1: Fly out, F9 (Flyball, 9LSF)
Batting: RHB Ramón Degollado 0-0: Swinging Strike
0-1: Ball
1-1: Foul Ball, location: 2F
1-2: Ball
2-2: Ball
3-2: Foul Ball, location: 2F
3-2: Foul Ball, location: 2F
3-2: Strikes out swinging
Bottom of the 1st over - 0 runs, 0 hits, 0 errors, 0 left on base; Atlantic City 0 - Lancaster 0
TOP OF THE 2ND
Atlantic City Sonics batting - Pitching for Lancaster Farmers : RHP Javier Contreras
Batting: RHB Alejandro Sánchez 0-0: Ball
1-0: Foul Ball, location: 2F
1-1: Ball
2-1: Foul Ball, location: 2F
2-2: DOUBLE (Line Drive, 7LD)
Batting: LHB José Pacheco 0-0: Called Strike
0-1: Foul Ball, location: 2F
0-2: Foul Ball, location: 2F
0-2: Ball
1-2: Ball
2-2: Ball
3-2: Foul Ball, location: 2F
3-2: Ground out 4-3 (Groundball, 4)
Alejandro Sánchez to third
Batting: RHB Jeff Quesenberry 0-0: Ball
1-0: Swinging Strike
1-1: Ball
2-1: Swinging Strike
2-2: Strikes out swinging
Batting: RHB Malcolm Campbell 0-0: Fly out, F9 (Line Drive, 89D)
Top of the 2nd over - 0 runs, 1 hit, 0 errors, 1 left on base; Atlantic City 0 - Lancaster 0
BOTTOM OF THE 2ND
Lancaster Farmers batting - Pitching for Atlantic City Sonics : RHP Norberto Concepción
Batting: RHB Hou Kong 0-0: Foul Ball, location: 2F
0-1: Foul Ball, location: 2F
0-2: Ball
1-2: Strikes out looking
Batting: RHB Bogumil Tiwontschik 0-0: Called Strike
0-1: Ball
1-1: Foul Ball, location: 2F
1-2: Foul Ball, location: 2F
1-2: Ball
2-2: Ball
3-2: Ground out 6-3 (Groundball, 6)
Batting: RHB Gabe Cain 0-0: Ball
1-0: Foul Ball, location: 2F
1-1: Ball
2-1: Bunted foul
2-2: DOUBLE (Line Drive, 5D)
Batting: RHB Marcel Roks 0-0: Fly out, F4 (Popup, 4)
Bottom of the 2nd over - 0 runs, 1 hit, 0 errors, 1 left on base; Atlantic City 0 - Lancaster 0
TOP OF THE 3RD
Atlantic City Sonics batting - Pitching for Lancaster Farmers : RHP Javier Contreras
Batting: SHB Curt Pack 0-0: Called Strike
0-1: Called Strike
0-2: Ball
1-2: Ball
2-2: Ball
3-2: Ground out 6-3 (Groundball, 6M)
Batting: LHB Juan Ledezma 0-0: Called Strike
0-1: Ground out U3 (Groundball, 34)
Batting: RHB José Rodríguez 0-0: Foul Ball, location: 2F
0-1: Ball
1-1: SINGLE (Groundball, 56S) (infield hit)
Batting: RHB Eddie Sachs 0-0: Ball
1-0: Fly out, F8 (Flyball, 89D)
Top of the 3rd over - 0 runs, 1 hit, 0 errors, 1 left on base; Atlantic City 0 - Lancaster 0
BOTTOM OF THE 3RD
Lancaster Farmers batting - Pitching for Atlantic City Sonics : RHP Norberto Concepción
Batting: RHB José Xirau 0-0: Swinging Strike
0-1: Called Strike
0-2: Strikes out swinging
Batting: RHB Arnold Magowan 0-0: Ball
1-0: Foul Ball, location: 2F
1-1: Called Strike
1-2: Ball
2-2: Foul Ball, location: 2F
2-2: Foul Ball, location: 2F
2-2: Strikes out looking
Batting: RHB Juan Pedraza 0-0: Swinging Strike
0-1: Swinging Strike
0-2: Ball
1-2: Ball
2-2: Strikes out swinging
Bottom of the 3rd over - 0 runs, 0 hits, 0 errors, 0 left on base; Atlantic City 0 - Lancaster 0
TOP OF THE 4TH
Atlantic City Sonics batting - Pitching for Lancaster Farmers : RHP Javier Contreras
Batting: LHB Kelvin Abbott 0-0: Ball
1-0: Ball
2-0: Swinging Strike
2-1: Called Strike
2-2: Ball
3-2: Base on Balls
Batting: RHB Alejandro Sánchez 0-0: Called Strike
Throwing error on steal attempt, E2
Kelvin Abbott to third
0-1: Ball
1-1: Foul Ball, location: 2F
1-2: Ball
2-2: Foul Ball, location: 2F
2-2: Ball
3-2: Base on Balls
Batting: LHB José Pacheco 0-0: Foul Ball, location: 2F
0-1: Called Strike
0-2: Foul Ball, location: 2F
0-2: Ball
1-2: Foul Ball, location: 2F
1-2: Ball
2-2: Ground out U3 (Groundball, 3)
Kelvin Abbott scores
Alejandro Sánchez to second
Batting: RHB Jeff Quesenberry 0-0: Ball
1-0: Ball
2-0: SINGLE (Groundball, 6D)
Alejandro Sánchez to third
Runner from 3rd tries for Home, SAFE, throw made home
Jeff Quesenberry to second
Batting: RHB Malcolm Campbell 0-0: Called Strike
Jeff Quesenberry steals 3rd base
0-1: Foul Ball, location: 2F
0-2: Ball
1-2: Ball
2-2: SINGLE (Groundball, 6M) (infield hit)
Jeff Quesenberry scores
Batting: SHB Curt Pack 0-0: Ball
1-0: Called Strike
1-1: Ball
2-1: Ball
3-1: Called Strike
3-2: Ground out 5-3 (Groundball, 56S)
Malcolm Campbell to second
Batting: LHB Juan Ledezma 0-0: Ball
1-0: Fly out, F7 (Flyball, 7S)
Top of the 4th over - 3 runs, 2 hits, 1 error, 1 left on base; Atlantic City 3 - Lancaster 0
BOTTOM OF THE 4TH
Lancaster Farmers batting - Pitching for Atlantic City Sonics : RHP Norberto Concepción
Batting: LHB Manuel Núñez 0-0: Foul Ball, location: 2F
0-1: SINGLE (Line Drive, 9S)
Batting: RHB Ramón Degollado 0-0: Foul Ball, location: 2F
0-1: Ball
1-1: Ball
2-1: Swinging Strike
2-2: Fly out, F7 (Line Drive, 78D)
Batting: RHB Hou Kong 0-0: Ball
1-0: Foul Ball, location: 2F
1-1: Fly out, F5 (Line Drive, 56)
Batting: RHB Bogumil Tiwontschik 0-0: Ball
Manuel Núñez steals 2nd base
1-0: Called Strike
1-1: Ball
2-1: Ball
3-1: Fly out, F8 (Flyball, 8LM)
Bottom of the 4th over - 0 runs, 1 hit, 0 errors, 1 left on base; Atlantic City 3 - Lancaster 0
TOP OF THE 5TH
Atlantic City Sonics batting - Pitching for Lancaster Farmers : RHP Javier Contreras
Batting: RHB José Rodríguez 0-0: Swinging Strike
0-1: Foul Ball, location: 2F
0-2: Ball
1-2: Ball
2-2: Fly out, F9 (Flyball, 9LD)
Batting: RHB Eddie Sachs 0-0: Ball
1-0: Ball
2-0: SINGLE (Line Drive, 89S)
Batting: LHB Kelvin Abbott 0-0: Ball
1-0: Foul Ball, location: 2F
1-1: Ball
2-1: Foul Ball, location: 2F
2-2: Fly out, F9 (Flyball, 9S)
Batting: RHB Alejandro Sánchez 0-0: Ball
1-0: Ball
2-0: Called Strike
2-1: Ball
3-1: Foul Ball, location: 2F
3-2: Foul Ball, location: 2F
3-2: Foul Ball, location: 2F
3-2: Fly out, F8 (Flyball, 8RM)
Top of the 5th over - 0 runs, 1 hit, 0 errors, 1 left on base; Atlantic City 3 - Lancaster 0
BOTTOM OF THE 5TH
Lancaster Farmers batting - Pitching for Atlantic City Sonics : RHP Norberto Concepción
Batting: RHB Gabe Cain 0-0: Ball
1-0: Ground out 5-3 (Groundball, 56S)
Batting: RHB Marcel Roks 0-0: Called Strike
0-1: Ball
1-1: Called Strike
1-2: Foul Ball, location: 2F
1-2: Strikes out swinging
Batting: RHB José Xirau 0-0: Swinging Strike
0-1: Ball
1-1: Hit by Pitch
Batting: RHB Arnold Magowan 0-0: Called Strike
0-1: Ball
1-1: Foul Ball, location: 2F
1-2: Ball
2-2: Foul Ball, location: 2F
2-2: Fly out, F7 (Flyball, 7LS)
Bottom of the 5th over - 0 runs, 0 hits, 0 errors, 1 left on base; Atlantic City 3 - Lancaster 0
TOP OF THE 6TH
Atlantic City Sonics batting - Pitching for Lancaster Farmers : RHP Javier Contreras
Batting: LHB José Pacheco 0-0: Ground out 4-3 (Groundball, 4)
Batting: RHB Jeff Quesenberry 0-0: Ball
1-0: Foul Ball, location: 2F
1-1: Ground out 5-3 (Groundball, 56S)
Batting: RHB Malcolm Campbell 0-0: Fly out, F7 (Flyball, 7S)
Top of the 6th over - 0 runs, 0 hits, 0 errors, 0 left on base; Atlantic City 3 - Lancaster 0
BOTTOM OF THE 6TH
Lancaster Farmers batting - Pitching for Atlantic City Sonics : RHP Norberto Concepción
Batting: RHB Juan Pedraza 0-0: Ball
1-0: Called Strike
1-1: Called Strike
1-2: Ground out 6-3 (Groundball, 56)
Batting: LHB Manuel Núñez 0-0: Swinging Strike
0-1: Foul Ball, location: 2F
0-2: Strikes out looking
Batting: RHB Ramón Degollado 0-0: Ball
1-0: Foul Ball, location: 2F
1-1: Called Strike
1-2: Ball
2-2: Foul Ball, location: 2F
2-2: Fly out, F5 (Line Drive, 5)
Bottom of the 6th over - 0 runs, 0 hits, 0 errors, 0 left on base; Atlantic City 3 - Lancaster 0
TOP OF THE 7TH
Atlantic City Sonics batting - Pitching for Lancaster Farmers : RHP Javier Contreras
Batting: SHB Curt Pack 0-0: Ball
1-0: SINGLE (Line Drive, 56)
Pitching: LHP Mannus Dijkman
Batting: LHB Juan Ledezma 0-0: Foul Ball, location: 2F
0-1: Bunted foul
0-2: Ball
1-2: SINGLE (Line Drive, 89S)
Curt Pack to second
Batting: RHB José Rodríguez 0-0: Ball
1-0: Ball
2-0: Ball
3-0: Base on Balls
Curt Pack to third
Juan Ledezma to second
Batting: RHB Eddie Sachs 0-0: SINGLE (Flyball, 8LS)
Curt Pack scores
Juan Ledezma to third
José Rodríguez to second
Runner from 3rd tries for Home, SAFE, throw made home
Batting: LHB Kelvin Abbott 0-0: Swinging Strike
0-1: Foul Ball, location: 2F
0-2: Ball
1-2: Ball
2-2: SINGLE (Groundball, 34D)
José Rodríguez to third
Eddie Sachs to second
Batting: RHB Alejandro Sánchez 0-0: Foul Ball, location: 2F
0-1: Ball
1-1: Ball
2-1: Foul Ball, location: 2F
2-2: Foul Ball, location: 2F
2-2: Fly out, F8 (Flyball, 89D)
Runner from 3rd tags up, SCORES, throw made
Batting: LHB José Pacheco 0-0: Ball
1-0: SINGLE (Groundball, 4MD)
Eddie Sachs to third
Kelvin Abbott to second
Runner from 3rd tries for Home, SAFE, no throw
Batting: RHB Jeff Quesenberry 0-0: Called Strike
Kelvin Abbott steals 3rd base
0-1: SINGLE (Line Drive, 6MD)
Kelvin Abbott scores
José Pacheco to second
Batting: RHB Malcolm Campbell 0-0: SINGLE (Line Drive, 89M)
José Pacheco to third
Jeff Quesenberry to second
Batting: SHB Curt Pack 0-0: Called Strike
0-1: Called Strike
0-2: Ball
1-2: Ball
2-2: Strikes out swinging
Batting: LHB Juan Ledezma 0-0: Ball
1-0: Foul Ball, location: 2F
1-1: Fly out, F7 (Flyball, 7LM)
Top of the 7th over - 5 runs, 7 hits, 0 errors, 3 left on base; Atlantic City 8 - Lancaster 0
BOTTOM OF THE 7TH
Lancaster Farmers batting - Pitching for Atlantic City Sonics : RHP Norberto Concepción
Batting: RHB Hou Kong 0-0: Foul Ball, location: 2F
0-1: Ball
1-1: Fly out, F6 (Popup, 6)
Batting: RHB Bogumil Tiwontschik 0-0: Fly out, F5 (Popup, 5S)
Batting: RHB Gabe Cain 0-0: Called Strike
0-1: Ball
1-1: Ball
2-1: Ball
3-1: SINGLE (Popup, 3D)
Batting: RHB Marcel Roks 0-0: Called Strike
0-1: Fly out, F7 (Flyball, 78S)
Bottom of the 7th over - 0 runs, 1 hit, 0 errors, 1 left on base; Atlantic City 8 - Lancaster 0
TOP OF THE 8TH
Atlantic City Sonics batting - Pitching for Lancaster Farmers : LHP Mannus Dijkman
Batting: RHB José Rodríguez 0-0: Called Strike
0-1: Ground out 6-3 (Groundball, 6S)
Batting: RHB Eddie Sachs 0-0: Called Strike
0-1: Ball
1-1: Ball
2-1: Ball
3-1: Foul Ball, location: 2F
3-2: Foul Ball, location: 2F
3-2: Base on Balls
Batting: LHB Kelvin Abbott 0-0: Ball
1-0: Ball
2-0: Ball
3-0: Called Strike
3-1: Swinging Strike
3-2: Base on Balls
Eddie Sachs to second
Batting: RHB Alejandro Sánchez 0-0: 3-RUN HOME RUN (Flyball, 7LD), Distance : 372 ft
Batting: LHB José Pacheco 0-0: Swinging Strike
0-1: Ball
1-1: Called Strike
1-2: Reached on error, E9 (Line Drive, 9)
Batting: RHB Jeff Quesenberry 0-0: Ball
1-0: Ball
2-0: Foul Ball, location: 2F
2-1: Swinging Strike
2-2: Ball
3-2: Fly out, F7 (Flyball, 7)
Batting: RHB Malcolm Campbell 0-0: Called Strike
0-1: Swinging Strike
0-2: Foul Ball, location: 2F
0-2: Ball
1-2: Ball
2-2: Foul Ball, location: 2F
2-2: Ball
3-2: Ground out 5-3 (Groundball, 56)
Top of the 8th over - 3 runs, 1 hit, 1 error, 1 left on base; Atlantic City 11 - Lancaster 0
BOTTOM OF THE 8TH
Lancaster Farmers batting - Pitching for Atlantic City Sonics : RHP Norberto Concepción
Batting: RHB José Xirau 0-0: Ball
1-0: Swinging Strike
1-1: Fly out, F6 (Popup, 6M)
Batting: RHB Arnold Magowan 0-0: Ball
1-0: Called Strike
1-1: Ball
2-1: Ball
3-1: Base on Balls
Batting: RHB Juan Pedraza 0-0: Ball
1-0: Ball
2-0: Ball
3-0: Called Strike
3-1: Called Strike
3-2: Base on Balls
Arnold Magowan to second
Batting: LHB Manuel Núñez 0-0: Called Strike
0-1: Swinging Strike
0-2: Ball
1-2: Ball
2-2: Foul Ball, location: 2F
2-2: Strikes out swinging
Batting: RHB Ramón Degollado 0-0: Swinging Strike
0-1: Swinging Strike
0-2: Strikes out looking
Bottom of the 8th over - 0 runs, 0 hits, 0 errors, 2 left on base; Atlantic City 11 - Lancaster 0
TOP OF THE 9TH
Atlantic City Sonics batting - Pitching for Lancaster Farmers : LHP Mannus Dijkman
Pitching: LHP Ramón Cerrillo
Batting: SHB Curt Pack 0-0: Ball
1-0: Called Strike
1-1: Swinging Strike
1-2: Ball
2-2: Foul Ball, location: 2F
2-2: Ball
3-2: Foul Ball, location: 2F
3-2: Strikes out looking
Batting: LHB Juan Ledezma 0-0: Ball
1-0: Ball
2-0: Ball
3-0: Base on Balls
Pinch Hitting: RHB Dam Son 0-0: Ball
Juan Ledezma steals 2nd base
1-0: Ground out 4-3 (Groundball, 4)
Juan Ledezma to third
Batting: RHB Eddie Sachs 0-0: Swinging Strike
0-1: Fly out, F6 (Line Drive, 6M)
Top of the 9th over - 0 runs, 0 hits, 0 errors, 1 left on base; Atlantic City 11 - Lancaster 0
BOTTOM OF THE 9TH
Lancaster Farmers batting - Pitching for Atlantic City Sonics : RHP Norberto Concepción
Pitching: LHP Nees Bogermans
Now at C: Eddie McDoom
Batting: RHB Hou Kong 0-0: Foul Ball, location: 2F
0-1: Ball
1-1: Ball
2-1: Foul Ball, location: 2F
2-2: Foul Ball, location: 2F
2-2: Ball
3-2: Foul Ball, location: 2F
3-2: Foul Ball, location: 2F
3-2: Fly out, F6 (Popup, 6M)
Batting: RHB Bogumil Tiwontschik 0-0: SINGLE (Groundball, 6MD)
Batting: RHB Gabe Cain 0-0: Fly out, F3 (Popup, 3SF)
Batting: RHB Marcel Roks 0-0: Ball
1-0: Ball
2-0: Ball
3-0: Base on Balls
Bogumil Tiwontschik to second
Batting: RHB José Xirau 0-0: Ball
1-0: Called Strike
1-1: Foul Ball, location: 2F
1-2: Ground out 1-3 (Groundball, 13S)
Bottom of the 9th over - 0 runs, 1 hit, 0 errors, 2 left on base; Atlantic City 11 - Lancaster 0
Sunday, March 18th, 2018 - OOTP Baseball 18.8 Build 76